 Dungeon Crawl Stone Soup version 0.25.1-2-g60ff931df9 (webtiles) character file.

Game seed: 14660367286268536159

73684 Acheron the Cleaver (level 15, 0/92 HPs)
             Began as a Gargoyle Monk on Sept 4, 2020.
             Was the Champion of Okawaru.
             Slain by a death scarab (17 damage)
             ... on level 4 of the Spider Nest.
             The game lasted 02:27:15 (18000 turns).

Acheron the Cleaver (Gargoyle Monk)                Turns: 18000, Time: 02:27:16

Health: 0/92       AC: 29    Str: 16    XL:     15   Next: 44%
Magic:  21/25      EV: 21    Int: 24    God:    Okawaru [******]
Gold:   1279       SH:  0    Dex: 17    Spells: 17/28 levels left

rFire    + . .     SeeInvis .   w - +9 war axe (elec)
rCold    . . .     Gourm    .   (no shield)
rNeg     + + .     Faith    .   V - +0 steam dragon scales
rPois    ∞         Spirit   .   E - +2 helmet {Int+3}
rElec    +         Reflect  .   K - +0 cloak
rCorr    .         Harm     .   M - +1 pair of gloves of Demons {rN+ Int+2 Dex+2}
MR       +....                  G - +1 pair of boots
Stlth    ++++++....             r - amulet of regeneration
HPRegen  0.65/turn              q - ring of protection from fire
MPRegen  0.19/turn              N - +6 ring of intelligence

@: heroism, finesse, flying, slowed, very slow
A: big wings, negative energy resistance 1, electricity resistance, unbreathing,
petrification resistance, rot immunity, AC +11
a: Stop Flying, Heroism, Finesse, Renounce Religion


You were on level 4 of the Spider Nest.
You worshipped Okawaru.
Okawaru was exalted by your worship.
You were not hungry.

You visited 4 branches of the dungeon, and saw 23 of its levels.

You collected 1279 gold pieces.

Inventory:

Hand Weapons
 u - a +0 hand axe of flaming
 w - a +9 war axe of electrocution (weapon)
 D - the +2 glaive "Meskiyn" {flame, +Blink rC+}
   (Okawaru gifted it to you on level 4 of the Spider Nest)

   It has been specially enchanted to burn those struck by it, causing extra
   injury to most foes and up to half again as much damage against particularly
   susceptible opponents.
   Big, fiery blades are also staple armaments of hydra-hunters.
   It protects you from cold.
   It lets you blink.
 Z - a +1 great sword of holy wrath
Missiles
 g - 4 boomerangs
 h - 9 atropa-tipped darts
 i - 172 stones
 k - 38 sling bullets
 m - 6 silver javelins
 x - 23 javelins (quivered)
 J - 5 boomerangs of dispersal
 P - 70 arrows
 Y - 10 silver boomerangs
Armour
 E - a +2 helmet of intelligence (worn)
 G - a +1 pair of boots (worn)
 K - a +0 cloak (worn)
 L - a +2 pair of gloves of strength
 M - the +1 pair of gloves of Demons (worn) {rN+ Int+2 Dex+2}
   (Okawaru gifted it to you on level 4 of the Spider Nest)

   It affects your intelligence (+2).
   It affects your dexterity (+2).
   It protects you from negative energy.
 V - +0 steam dragon scales (worn)
Jewellery
 a - an uncursed ring of positive energy
 q - a ring of protection from fire (left hand)
 r - an amulet of regeneration (around neck)
 N - a +6 ring of intelligence (right hand)
 O - an uncursed ring of wizardry
 U - an uncursed ring of stealth
 W - an uncursed amulet of magic regeneration
Wands
 b - a wand of digging (6)
 o - a wand of disintegration (11)
 y - a wand of acid (3)
 Q - a wand of clouds (13)
 S - a wand of flame (15)
 T - a wand of paralysis (20)
 X - a wand of polymorph (28)
Scrolls
 d - 13 scrolls of teleportation
 v - 5 scrolls of amnesia
 z - 3 scrolls of blinking
 A - a scroll of holy word
 B - a scroll of identify
 F - 9 scrolls of remove curse
Potions
 f - 4 potions of stabbing
 j - 6 potions of brilliance
 n - 4 potions of cancellation
 p - 8 potions of curing
 s - 5 potions of might
 t - 5 potions of haste
 C - 2 potions of ambrosia
 H - 5 potions of heal wounds
 I - 2 potions of lignification
Miscellaneous
 e - a lightning rod (4/4)
Comestibles
 c - 14 rations
 l - a chunk of flesh


   Skills:
 + Level 10.2(15.2) Fighting
 - Level 1.6(6.6) Long Blades
 * Level 12.8(17.8) Axes
 - Level 0.6(13.4) Polearms
 * Level 7.3(12.3) Throwing
 + Level 9.1(14.1) Armour
 + Level 7.5(12.5) Dodging
 * Level 9.6(14.6) Stealth
 + Level 7.0 Spellcasting
 * Level 2.5 Conjurations
 * Level 4.4 Transmutations
 * Level 2.4 Fire Magic
 * Level 7.9 Invocations
 * Level 6.6 Evocations


You had 17 spell levels left.
You knew the following spells:

 Your Spells              Type           Power        Failure   Level  Hunger
a - Beastly Appendage     Tmut           ####..       1%          1    None
b - Sticks to Snakes      Tmut           ####....     1%          2    None
c - Foxfire               Conj/Fire      ###.         2%          1    None
d - Conjure Flame         Conj/Fire      ###.....     8%          3    None
e - Sticky Flame          Conj/Fire      ###.....     26%         4    ###....

Your spell library contained the following spells:

 Spells                   Type           Power        Failure   Level  Hunger
 Spider Form              Tmut/Pois      ###.......   9%          3    None
 Inner Flame              Hex/Fire       ##......     13%         3    None
 Ice Form                 Ice/Tmut       ###.....     28%         4    ###....
 Blade Hands              Tmut           ####......   32%         5    #####..
 Fireball                 Conj/Fire      ###.......   58%         5    #####..


Dungeon Overview and Level Annotations

Branches:
Dungeon (12/15)            Temple (1/1) D:6            Lair (6/6) D:11
 Spider (4/4) Lair:3        Slime (0/5) Lair:5
  Swamp: Lair:2-4    Shoals: Lair:2-4       Orc: D:9-12

Altars:
Ashenzari
Cheibriados
Dithmenos
Elyvilon
Fedhas
Gozag
Hepliaklqana
Kikubaaqudgha
Makhleb
Nemelex Xobeh
Okawaru
Qazlal
Ru
Trog
Uskayaw
Yredelemnul
The Shining One
Beogh

Shops:
D:7 [

Portals:
Ice
Cave: Spider:1

Annotations:
D:2 exclusion: downstairs
D:7 3 runed translucent doors, Colgate's ghost, novice DsAK
Lair:2 exclusion: downstairs
Lair:6 1 runed translucent door
Spider:1 exclusion: 2 ice statues


Innate Abilities, Weirdness & Mutations

You are resistant to torment.
Your stone body is resilient. (AC +11)
You are immune to poison.
Your large and strong wings let you fly indefinitely.
You resist negative energy. (rN+)
You are resistant to electric shocks. (rElec)
You can survive without breathing.
You are immune to petrification.
You are immune to rotting.


Message History

A death scarab comes into view. x2
You slice the wolf spider zombie!!
Lightning courses through the wolf spider zombie!!
You destroy the wolf spider zombie!
Okawaru accepts your kill. The death scarab barely misses you.
There is a huge open gate here.
The death scarab misses you. The death scarab bites you.
The death scarab drains your vigour!
You feel as though you will be slow longer.
The death scarab barely misses you. x2; The death scarab misses you.
You closely miss the death scarab. The death scarab misses you.
You hit the death scarab but do no damage.
You hit the death scarab. You slash the death scarab!
The death scarab bites you!
* * * LOW HITPOINT WARNING * * *
The death scarab drains your vigour!
You feel as though you will be slow longer.
The death scarab bites you!
You die...

#....≈#...#.#######.#..^#..≈≈^
#..#.≈#...#......^..#...##.≈≈.
#^.†..#..##^....$...#...#.≈≈≈.
#^....#...#.........##..#≈≈≈..
#≈....#...#^........#..^#≈≈≈..
#≈.#..#...#........$#.†.#≈≈≈#.
#≈≈...##..#...†.....#..^#≈≈...
#≈≈≈..#^..###ss'''###...##≈...
#≈#≈..#.....)@s...^.....#≈≈...
#≈≈≈..#...............#.#.≈≈..
#≈≈...#.#........#......#.≈≈≈.
#≈....###################.#≈≈.
#....#.....................≈≈.
#^..≈≈.....................≈≈#
#.#≈≈≈≈...#........#≈.......≈≈
#..≈≈≈≈......#≈≈≈≈≈.....).#^≈≈
#^.≈≈≈..#^..≈≈≈≈≈≈≈≈...#.^^.≈≈


You could see 3 death scarabs.

Vanquished Creatures
  A ghost moth (Spider:4)
  3 emperor scorpions
  3 spark wasps
  Snorg (Lair:3)
  3 hydras
  A two-headed ogre (D:8)
  Urug (Lair:1)
  5 death scarabs (Spider:4)
  2 lindwurms (Lair:6)
  2 wolf spider zombies (Spider:4)
  3 spectral wolf spiders (Spider:4)
  11 wolf spiders
  4 orb spiders
  A centaur zombie (D:10)
  5 moths of wrath
  6 torpor snails
  A black mamba (Lair:6)
  A gargoyle (D:10)
  Joseph (Lair:1)
  3 spiny frogs
  3 spectral redbacks (Spider:4)
  2 rime drakes
  11 komodo dragons
  3 redback zombies (Spider:4)
  9 demonic crawlers
  4 tyrant leeches (Lair:6)
  26 jumping spiders
  2 trolls (D:11)
  2 spectral jumping spiders (Spider:4)
  14 hornets
  A polar bear (Lair:6)
  2 tarantella zombies (Spider:4)
  21 blink frogs
  A jumping spider zombie (Spider:4)
  7 dream sheep (Lair:6)
  8 hippogriffs
  32 redbacks
  3 wyverns
  22 tarantellas
  26 yaks
  2 basilisks
  A steam dragon (D:11)
  2 hungry ghosts
  10 water moccasins
  6 porcupines
  A spectral hornet (Spider:4)
  A hornet zombie (D:7)
  2 ice beasts
  3 orc warriors
  2 phantoms
  2 sky beasts
  2 black bears
  An eye of draining (D:10)
  2 wolves (D:11)
  7 ogres
  12 crocodiles
  3 centaurs
  12 bullfrogs
  2 scorpions
  5 killer bees
  A wight (D:9)
  An electric eel (D:11)
  3 crimson imps
  2 bullfrog skeletons
  A bullfrog zombie (D:7)
  9 hounds
  2 jellies
  Crazy Yiuf (D:7)
  2 orc priests
  13 orc wizards
  2 centaur skeletons
  An iguana (D:5)
  Natasha (thrice) (D:3)
  6 worker ants
  A killer bee zombie (D:8)
  A hound zombie (D:6)
  A hound skeleton (D:7)
  14 adders
  7 gnolls (D:5)
  A shadow imp (D:5)
  An ooze (D:2)
  An adder zombie (D:3)
  An adder skeleton (D:6)
  A worm (D:2)
  3 leopard geckos
  44 orcs
  5 bat zombies (D:6)
  8 giant cockroaches
  16 goblins
  18 hobgoblins
  20 jackals
  A quokka (D:5)
  A ball python (D:1)
  2 bats
  5 frilled lizards
  12 kobolds
  A leopard gecko skeleton (D:7)
  A quokka zombie (D:5)
  5 rats
  2 rat zombies (D:6)
  2 fungi
557 creatures vanquished.

Vanquished Creatures (others)
  4 fungi
  18 plants (Lair:6)
22 creatures vanquished.

Grand Total: 579 creatures vanquished

Notes
Turn   | Place    | Note
-------+----------+-------------------------------------------
     0 | D:1      | Acheron the Gargoyle Monk began the quest for the Orb.
     0 | D:1      | Reached XP level 1. HP: 14/14 MP: 1/1
   158 | D:1      | Found a snail-covered altar of Cheibriados.
   284 | D:2      | Reached skill level 3 in Axes
   284 | D:2      | Reached XP level 2. HP: 8/19 MP: 2/2
   681 | D:2      | Found a white marble altar of Elyvilon.
   908 | D:2      | Reached XP level 3. HP: 19/24 MP: 3/3
  1538 | D:2      | Found a sacrificial altar of Ru.
  1654 | D:3      | Reached skill level 1 in Armour
  1680 | D:3      | Reached XP level 4. HP: 19/29 MP: 4/4
  1689 | D:3      | Noticed an ogre
  1845 | D:5      | Entered Level 5 of the Dungeon
  1891 | D:5      | Noticed an ogre
  1924 | D:6      | Found a glowing drain.
  1945 | D:6      | Found a staircase to the Ecumenical Temple.
  1947 | D:6      | Noticed a black bear
  1955 | Temple   | Entered the Ecumenical Temple
  2002 | Temple   | Became a worshipper of Warmaster Okawaru
  2002 | Temple   | Reached * piety under Okawaru
  2002 | Temple   | Reached ** piety under Okawaru
  2033 | D:6      | Killed a black bear
  2033 | D:6      | Reached skill level 1 in Throwing
  2033 | D:6      | Reached skill level 1 in Spellcasting
  2033 | D:6      | Reached XP level 5. HP: 14/33 MP: 2/6
  2430 | D:6      | Reached XP level 6. HP: 30/38 MP: 8/8
  2442 | D:6      | Found a bloodstained altar of Trog.
  2687 | D:5      | Reached skill level 4 in Axes
  2786 | D:5      | Reached XP level 7. HP: 37/42 MP: 10/10
  3046 | D:5      | Found a burning altar of Makhleb.
  3099 | D:5      | Reached *** piety under Okawaru
  3571 | D:3      | Reached skill level 5 in Axes
  3571 | D:3      | Reached XP level 8. HP: 17/48 MP: 8/11
  3572 | D:3      | Noticed Natasha
  3660 | D:3      | Killed Natasha
  3778 | D:3      | Noticed Natasha
  3793 | D:3      | Killed Natasha
  3828 | D:3      | Noticed Natasha
  3842 | D:3      | Killed Natasha
  4213 | D:6      | Reached skill level 1 in Invocations
  4313 | D:6      | Found an ancient bone altar of Kikubaaqudgha.
  4544 | D:6      | Reached skill level 1 in Long Blades
  4544 | D:6      | Reached skill level 1 in Evocations
  4843 | D:7      | Found Ysuopuas's Antique Armour Boutique.
  4860 | D:7      | Reached XP level 9. HP: 53/53 MP: 11/13
  4899 | D:7      | Reached skill level 5 in Armour
  4993 | D:7      | Reached skill level 5 in Fighting
  5049 | D:7      | Reached skill level 6 in Axes
  5053 | D:7      | Reached **** piety under Okawaru
  5053 | D:7      | Received a gift from Okawaru
  5269 | D:9      | Reached skill level 5 in Stealth
  5357 | D:10     | Entered Level 10 of the Dungeon
  5442 | D:9      | Found an iron altar of Okawaru.
  5614 | D:8      | Received a gift from Okawaru
  5618 | D:8      | Found a shattered altar of Ashenzari.
  5692 | D:8      | Noticed a two-headed ogre
  5827 | D:7      | Found a runed translucent door.
  5828 | D:7      | Noticed Crazy Yiuf
  5839 | D:7      | Killed Crazy Yiuf
  5893 | D:7      | Found a runed translucent gate.
  5893 | D:7      | Found a runed translucent gate.
  5894 | D:7      | Noticed Colgate's ghost (novice DsAK)
  5895 | D:7      | Found a runed translucent gate.
  5899 | D:7      | Found a roughly hewn altar of Beogh.
  6187 | D:8      | Killed a two-headed ogre
  6187 | D:8      | Reached ***** piety under Okawaru
  6187 | D:8      | Reached XP level 10. HP: 60/60 MP: 12/16
  6418 | D:9      | Reached skill level 7 in Axes
  6607 | D:10     | Noticed a gargoyle
  6616 | D:10     | Received a gift from Okawaru
  6630 | D:10     | Killed a gargoyle
  7277 | D:11     | Noticed a deep elf mage
  7685 | D:10     | Learned a level 1 spell: Beastly Appendage
  7688 | D:10     | Learned a level 2 spell: Sticks to Snakes
  7731 | D:11     | Noticed a seven-headed hydra
  7937 | D:11     | Reached XP level 11. HP: 64/66 MP: 17/17
  7962 | D:11     | Received a gift from Okawaru
  8059 | D:11     | Reached skill level 8 in Axes
  8130 | D:12     | Reached skill level 5 in Dodging
  8197 | D:12     | Noticed a red ugly thing
  8231 | D:11     | Found a staircase to the Lair.
  8261 | D:11     | Killed a one-headed hydra
  8282 | D:11     | Received a gift from Okawaru
  8386 | Lair:1   | Entered Level 1 of the Lair of Beasts
  8429 | Lair:1   | Noticed Urug
  8847 | Lair:3   | Noticed a seven-headed hydra
  8856 | Lair:2   | Reached skill level 5 in Spellcasting
  8938 | Lair:1   | Noticed Joseph
  9202 | Lair:3   | Noticed Snorg
  9627 | Lair:3   | Noticed a catoblepas
  9670 | Lair:3   | Noticed a death yak
  9670 | Lair:3   | Noticed a death yak
  9686 | Lair:4   | Noticed a four-headed hydra
  9694 | Lair:4   | Reached skill level 5 in Invocations
  9756 | Lair:4   | Reached skill level 5 in Throwing
  9759 | Lair:4   | Reached skill level 9 in Axes
 10143 | Lair:6   | Entered Level 6 of the Lair of Beasts
 10153 | Lair:6   | Reached XP level 12. HP: 45/72 MP: 19/19
 10465 | Lair:5   | Found a staircase to the Slime Pits.
 10966 | Lair:6   | Noticed a five-headed hydra
 11196 | Lair:6   | Received a gift from Okawaru
 11242 | Lair:6   | Reached skill level 10 in Axes
 11243 | Lair:6   | Reached skill level 1 in Transmutations
 11528 | Lair:6   | Reached ****** piety under Okawaru
 11606 | Lair:6   | Received a gift from Okawaru
 11606 | Lair:6   | Reached XP level 13. HP: 53/78 MP: 21/21
 11766 | Lair:6   | Reached skill level 5 in Evocations
 11879 | Lair:6   | Found a runed translucent door.
 11880 | Lair:6   | Noticed an ice dragon
 11927 | Lair:6   | Received a gift from Okawaru
 12134 | Lair:6   | Reached skill level 11 in Axes
 13365 | Lair:3   | Killed Snorg
 13809 | Lair:1   | Killed Joseph
 13977 | Lair:1   | Killed Urug
 14290 | Lair:3   | Found a hole to the Spider Nest.
 14450 | Spider:1 | Entered Level 1 of the Spider Nest
 14608 | Spider:1 | Noticed an emperor scorpion
 14630 | Spider:1 | Killed an emperor scorpion
 14757 | Spider:1 | Found a frozen archway.
 14850 | Spider:1 | Received a gift from Okawaru
 14894 | Spider:1 | Gained mutation: Your large and strong wings let you fly
                  | indefinitely. [Gargoyle growth]
 14894 | Spider:1 | Reached XP level 14. HP: 80/86 MP: 23/23
 15169 | Spider:2 | Noticed an entropy weaver
 15179 | Spider:2 | Noticed an emperor scorpion
 15762 | Spider:4 | Entered Level 4 of the Spider Nest
 16213 | Spider:4 | Received a gift from Okawaru
 16223 | Spider:4 | Got a pair of jewelled gloves {god gift}
 16488 | Spider:3 | Reached skill level 12 in Axes
 16622 | Spider:3 | Noticed an entropy weaver
 16886 | Spider:3 | Identified the +1 pair of gloves of Demons {rN+ Int+2
                  | Dex+2} (Okawaru gifted it to you on level 4 of the Spider
                  | Nest)
 17349 | Spider:4 | Noticed an emperor scorpion
 17374 | Spider:4 | Killed an emperor scorpion
 17374 | Spider:4 | Reached skill level 10 in Fighting
 17395 | Spider:4 | Learned a level 1 spell: Foxfire
 17399 | Spider:4 | Learned a level 3 spell: Conjure Flame
 17431 | Spider:4 | Killed a ghost moth
 17616 | Spider:4 | Learned a level 4 spell: Sticky Flame
 17645 | Spider:4 | Reached skill level 1 in Conjurations
 17658 | Spider:4 | Reached XP level 15. HP: 85/92 MP: 19/25
 17671 | Spider:4 | Reached skill level 1 in Fire Magic
 17706 | Spider:4 | Noticed an emperor scorpion
 17736 | Spider:4 | Killed an emperor scorpion
 17736 | Spider:4 | Received a gift from Okawaru
 17827 | Spider:4 | Received a gift from Okawaru
 17831 | Spider:4 | Got a blackened glaive {god gift}
 17968 | Spider:4 | Identified the +2 glaive "Meskiyn" {flame, +Blink rC+}
                  | (Okawaru gifted it to you on level 4 of the Spider Nest)
 18000 | Spider:4 | Slain by a death scarab

Illustrated notes

Levels and vault maps discovered:
D:1:      lemuel_arrival_tunnels, layout_basic, cheibriados_altar_1
D:2:      layout_basic, marbit_many_paths, nicolae_overflow_hidden_temple,
          lemuel_coloured_pillars_altar, first_ration, minmay_fountain_box,
          nicolae_ru_awakened_eye
D:3:      layout_basic, uniq_natasha
D:4:      layout_basic, kennysheep_orc_chapel
D:5:      corexii_shantytown, layout_basic, bloody_makhleb
D:6:      layout_basic, lemuel_zombie_altar_kikubaaqudgha, lemuel_doored_altar,
          temple_pool_b, gup_sewer_entry_glass
D:7:      layout_loops_ring, biasface_ghost_orc_armoury, serial_shops,
          nicolae_shop_statue_plus, the_bakery, uniq_crazy_yiuf_cottage
D:8:      layout_layer_cave, cheibrodos_ashenzari_chains,
          david_defended_altar_elf
D:9:      layout_loops_ring, old_standard_altar, lemuel_crystal_altar,
          vehumet_crystals, david_orc_4, okawaru_trees_2
D:10:     layout_basic
D:11:     layout_roguey, erik_lair_island
D:12:     minmay_chambers_of_sixes, layout_basic, enter_bailey_6
Temple:   eino_wide_crystal_templ
Lair:1:   layout_cave_pods, uniq_urug, uniq_joseph
Lair:2:   layout_cave_pods, grunt_megastairs_3
Lair:3:   layout_cave_shapes, elwin_shoals_entry_rooms,
          nicolae_spider_entry_tight_spaces, basic_altar,
          chequers_serial_rivers_room_b, grunt_megastairs_5, uniq_snorg
Lair:4:   layout_layer_cave, grunt_megastairs_2
Lair:5:   layout_roguey, dpeg_slime_entry_corner
Lair:6:   wormcave, layout_regular_city, lemuel_fruit_fields
Spider:1: nicolae_spider_mines_1, portal_ice_cave_entry_ice_statue_two
Spider:2: layout_chambers, drop_trap
Spider:3: layout_chambers, drop_trap
Spider:4: floodkiller_spider_rune_tomb

Skill      XL: |  1  2  3  4  5  6  7  8  9 10 11 12 13 14 15 |
---------------+----------------------------------------------+-----
Axes           | 3 4 5 6 7 9 10 11 12 | 12.8
Armour         | 1 2 3 4 5 6 7 8 9 |  9.1
Throwing       | 1 2 3 4 5 6 7 |  7.3
Spellcasting   | 1 2 3 4 5 6 7 |  7.0
Stealth        | 3 4 5 6 7 8 9 |  9.6
Fighting       | 4 5 6 7 8 9 10 | 10.2
Dodging        | 3 4 5 6 7 |  7.5
Invocations    | 2 3 4 5 6 7 |  7.9
Long Blades    | 1 |  1.6
Evocations     | 1 2 3 4 5 6 |  6.6
Transmutations | 1 3 4 |  4.4
Conjurations   | 1 2 |  2.5
Fire Magic     | 2 |  2.4
Polearms       | |  0.6

Action                   |  1- 3 |  4- 6 |  7- 9 | 10-12 | 13-15 || total
-------------------------+-------+-------+-------+-------+-------++-------
Melee: Hand axe          |   125 |   136 |   338 |   102 |       ||   701
       Punch             |       |       |     3 |     4 |     7 ||    14
       Falchion          |       |       |    43 |       |       ||    43
       War axe           |       |       |   262 |   524 |   682 ||  1468
       Bardiche          |       |       |       |       |    12 ||    12
Throw: Dart              |       |       |     7 |       |       ||     7
       Javelin           |       |       |     7 |    69 |    33 ||   109
       Boomerang         |       |       |     1 |       |       ||     1
 Cast: Sticks to Snakes  |       |       |       |     5 |    23 ||    28
       Conjure Flame     |       |       |       |       |     1 ||     1
Invok: Heroism           |       |     1 |    15 |    19 |    23 ||    58
       Finesse           |       |       |       |     1 |     4 ||     5
 Abil: Fly               |       |       |       |       |     1 ||     1
Evoke: Wand              |       |       |     2 |     3 |       ||     5
  Use: Scroll            |     2 |     1 |     9 |    19 |    10 ||    41
       Potion            |       |       |       |       |     3 ||     3
 Stab: Sleeping          |     1 |     2 |     4 |     6 |    12 ||    25
       Distracted        |       |       |       |     1 |     3 ||     4
  Eat: Chunk             |     2 |     4 |    13 |    16 |     7 ||    42
       Ration            |       |       |       |     2 |     4 ||     6
Armor: Ring mail         |    36 |    63 |   354 |    99 |       ||   552
       Robe              |     2 |       |       |       |       ||     2
       Steam dragon scal |       |       |       |   237 |   484 ||   721
Dodge: Dodged            |    84 |   100 |   537 |   477 |   712 ||  1910
       Rpst.: Falchion   |       |       |    15 |       |       ||    15
